 Dungeon Crawl Stone Soup version 0.29-a0-775-g4d7333d4e2 (webtiles) character file.

Game seed: 16623720366980189440

387 Zonian the Sneak (level 6, 0/28 HPs)
             Began as a Vine Stalker Enchanter on July 1, 2022.
             Was a Follower of Kikubaaqudgha.
             Slain by an orc
             ... wielding a +0 whip of distortion
              (22 damage)
             ... on level 3 of the Dungeon.
             The game lasted 00:09:19 (3282 turns).

Zonian the Sneak (Vine Stalker Enchanter)           Turns: 3282, Time: 00:09:20

Health: 0/28       AC:  3    Str: 10    XL:     6   Next: 78%
Magic:  0/12       EV: 13    Int: 15    God:    Kikubaaqudgha [*.....]
Gold:   123        SH:  0    Dex: 17    Spells: 5/11 levels left

rFire   . . .      SeeInvis .   s - +1 dagger (speed)
rCold   . . .      Faith    .   (no shield)
rNeg    . . .      Spirit   +   b - +1 robe
rPois   .          Reflect  .   (no helmet)
rElec   .          Harm     .   (no cloak)
rCorr   .          Rampage  .   (no gloves)
Will    .....                   (no boots)
Stlth   +++.......              d - amulet of regeneration
HPRegen 1.69/turn               u - ring of flight
MPRegen 0.13/turn               (no ring)

@: flying
A: fangs 2, regeneration 1, magic shield, antimagic bite, no potion heal 2
a: Renounce Religion, Unearth Wretches


You were on level 3 of the Dungeon.
You worshipped Kikubaaqudgha.
Kikubaaqudgha was aware of your devotion.
You visited 1 branch of the dungeon, and saw 3 of its levels.

You collected 123 gold pieces.

Inventory:

Hand Weapons
 a - a +1 dagger
 s - a +1 dagger of speed (weapon)
 w - a +0 short sword
 x - a +0 sling
Missiles
 v - 2 javelins (quivered)
Armour
 b - a +1 robe (worn)
Magical Staves
 m - a staff of fire
Jewellery
 d - an amulet of regeneration (around neck)
 u - a ring of flight (left hand)
Wands
 y - a wand of flame (10)
Scrolls
 e - a scroll of vulnerability
 f - a scroll of teleportation
 n - 3 scrolls of enchant armour
 o - a scroll of fear
 q - a scroll of identify
 t - a scroll of fog
Potions
 c - a potion of invisibility
 g - a potion of might {unknown}
 h - a potion of lignification {unknown}
 i - a potion of berserk rage {unknown}
 j - 3 potions of attraction {unknown}
 k - 5 potions of curing
 p - 2 potions of flight {unknown}
 z - a potion of degeneration {unknown}


   Skills:
 + Level 2.7 Short Blades
 + Level 2.7 Dodging
 + Level 5.1 Stealth
 + Level 3.4 Spellcasting
 + Level 4.0 Hexes
 + Level 1.9 Necromancy
 + Level 0.2 Ice Magic


You had 5 spell levels left.
You knew the following spells:

 Your Spells              Type           Power      Damage    Failure   Level
a - Ensorcelled Hibernat  Hex/Ice        18%        N/A       12%         2
b - Confusing Touch       Hex            14%        N/A       11%         3
c - Necrotize             Necr           32%        1d5       9%          1

Your spell library contained the following spells:

 Spells                   Type           Power      Damage    Failure   Level
 Tukima's Dance           Hex            14%        N/A       11%         3
 Sublimation of Blood     Necr           8%         N/A       13%         2
 Dazzling Flash           Conj/Hex       16%        N/A       26%         3
 Vampiric Draining        Necr           8%         2d6       26%         3
 Anguish                  Hex/Necr       5%         N/A       50%         4


Dungeon Overview and Level Annotations

Branches:
Dungeon (3/15)

Altars:
Kikubaaqudgha

Annotations:
D:3 2 transporters, Tobias's ghost, weakling OgHW


Innate Abilities, Weirdness & Mutations

You have extremely sharp teeth.
Your natural rate of healing is unusually fast.
When hurt, damage is shared between your health and your magic reserves.
Your bite disrupts and absorbs the magic of your enemies.
Potions cannot restore your health.


Message History

The helpless orc wizard fails to defend itself.
You impale the orc wizard!!
You kill the orc wizard!
Kikubaaqudgha accepts your kill.
Unknown command.
An orc comes into view. It is wielding a +0 whip of distortion.
The orc hits you with a +0 dagger.
Things that are here:
a +0 dagger; a +0 robe; an orc corpse The orc attacks as you move away!
The orc hits you with a +0 whip of distortion.
Space warps horribly around you!
Things that are here:
a +0 dagger; a +0 leather armour You hit the orc.
The orc is lightly wounded.
The orc closely misses you.
Casting: Ensorcelled Hibernation (safe; 12% risk of failure)
Confirm with . or Enter, or press ? or * to list all spells.
Aiming: Ensorcelled Hibernation (safe; 12% risk of failure)
Press: ? - help, Shift-Dir - straight line, f - orc
Aim: an orc, wielding a +0 dagger and wearing a +0 leather armour (lightly wounded, chance to affect: 61%)
The orc looks drowsy...
Unknown command.
The helpless orc fails to defend itself.
You impale the orc!!
You kill the orc!
Kikubaaqudgha accepts your kill.
Unknown command.
Casting: Ensorcelled Hibernation (safe; 12% risk of failure)
Confirm with . or Enter, or press ? or * to list all spells.
Aiming: Ensorcelled Hibernation (safe; 12% risk of failure)
Press: ? - help, Shift-Dir - straight line, f - orc
Aim: an orc, wielding a +0 whip of distortion (chance to affect: 61%)
The orc resists with significant effort.
The orc hits you with a +0 whip of distortion.
Space warps horribly around you!!
Ouch! That really hurt!
You die...
Kikubaaqudgha rasps: "You have failed me!
Welcome... death!"

#########******
#........,,,,,****
#)#**********,,,,,
#o# ###########**
#@# #.†......># #)#
#.#######.# #.# #.#
#.# ###.# #.# #.#
#...# #.# #.# #.###
#.##### #.#
#.######.....###.#
#.##.............#
#.##.#######.###.###


You could see an orc.

Vanquished Creatures
  Grinder (D:3)
  Ijyb (D:3)
  An orc wizard (D:3)
  4 adders
  A worm (D:2)
  2 dart slugs
  6 orcs
  5 ball pythons
  4 endoplasms
  4 goblins
  6 hobgoblins
  8 jackals
  5 quokkas
  6 bats
  11 frilled lizards
  10 kobolds
  A rat (D:1)
76 creatures vanquished.

Vanquished Creatures (others)
  A plant (D:1)
1 creature vanquished.

Grand Total: 77 creatures vanquished

Notes
Turn   | Place    | Note
-------+----------+-------------------------------------------
     0 | D:1      | Zonian the Vine Stalker Enchanter began the quest for the
                  | Orb.
     0 | D:1      | Reached XP level 1. HP: 9/9 MP: 4/4
   322 | D:1      | Reached skill level 1 in Short Blades
   537 | D:1      | Reached XP level 2. HP: 12/13 MP: 3/6
   619 | D:1      | Learned a level 2 spell: Ensorcelled Hibernation
  1022 | D:1      | Reached skill level 4 in Stealth
  1032 | D:1      | Reached XP level 3. HP: 13/16 MP: 4/7
  1413 | D:2      | Learned a level 3 spell: Confusing Touch
  1925 | D:2      | Gained mutation: Your natural rate of healing is unusually
                  | fast. [Vine Stalker growth]
  1925 | D:2      | Reached XP level 4. HP: 21/21 MP: 9/9
  2158 | D:2      | Found an ancient bone altar of Kikubaaqudgha.
  2164 | D:2      | Became a worshipper of Kikubaaqudgha
  2380 | D:3      | Noticed Grinder
  2394 | D:3      | Killed Grinder
  2395 | D:3      | Reached skill level 5 in Stealth
  2395 | D:3      | Reached skill level 1 in Necromancy
  2395 | D:3      | Reached XP level 5. HP: 24/24 MP: 9/11
  2395 | D:3      | Reached XP level 6. HP: 28/28 MP: 9/12
  2490 | D:3      | Found a transporter.
  2493 | D:3      | Noticed Tobias's ghost (weakling OgHW)
  2513 | D:3      | Noticed Ijyb
  2532 | D:3      | Killed Ijyb
  2935 | D:3      | Reached * piety under Kikubaaqudgha
  2935 | D:3      | Received a gift from Kikubaaqudgha
  2938 | D:3      | Learned a level 1 spell: Necrotize
  2982 | D:3      | Found a transporter.
  3282 | D:3      | Slain by an orc

Illustrated notes

Levels and vault maps discovered:
D:1:      giann_forest_graveyard, layout_basic, serial_bayou_pond_b
D:2:      layout_basic, basic_altar, minmay_tetromino_o2
D:3:      layout_loops_ring, gammafunk_ghost_mausoleum, uniq_grinder, uniq_ijyb

Skill      XL: |  1  2  3  4  5  6 |
---------------+-------------------+-----
Short Blades   | 1 2 |  2.7
Stealth        | 4 5 |  5.1
Dodging        | 2 |  2.7
Spellcasting   | 3 |  3.4
Necromancy     | 1 |  1.9
Hexes          | 4 |  4.0
Ice Magic      | |  0.2

Action                   |  1- 3 |  4- 6 || total
-------------------------+-------+-------++-------
Melee: Dagger            |    99 |   131 ||   230
       Bite              |    27 |    37 ||    64
       Punch             |     2 |     2 ||     4
Throw: Throwing net      |     2 |       ||     2
 Cast: Ensorcelled Hiber |     2 |     3 ||     5
  Use: Scroll            |       |     9 ||     9
       Potion            |       |     1 ||     1
 Stab: Sleeping          |     6 |    15 ||    21
       Invisible         |       |     2 ||     2
Armor: Robe              |    15 |    12 ||    27
Dodge: Dodged            |    45 |    53 ||    98

Table legend: (Time is in decaauts)
 A = Elapsed time spent in this place.
 B = Non-inter-level travel time spent in this place.
 C = Inter-level travel time spent in this place.
 D = Time resting spent in this place.
 E = Time spent auto-exploring this place.
 F = Levels seen in this place.
 G = Mean time per level.
                   A        B        C        D        E       F      G
               +--------+--------+--------+--------+--------+-----+--------+
         Total |   3224 |   3154 |     70 |   1024 |   1257 |   3 | 1074.7 |
       Dungeon |   3224 |   3154 |     70 |   1024 |   1257 |   3 | 1074.7 |
               +--------+--------+--------+--------+--------+-----+--------+

Top non-repeatable levels by time:
     D:1: 1331 daAuts
     D:2: 991 daAuts
     D:3: 901 daAuts
